 Seeded DCSS version 0.30.1-9-gdf580d7c3d (webtiles) character file.

Game seed: 9106806156630997546 (custom seed)

79 Psyclone the Conjurer (level 4, -1/24 HPs)
             Began as a Deep Elf Conjurer on Sept 25, 2023.
             Slain by Crazy Yiuf
             ... wielding a +3 quarterstaff of chaos
              (8 damage)
             ... on level 2 of the Dungeon.
             The game lasted 00:03:32 (1532 turns).

Psyclone the Conjurer (Deep Elf Conjurer)           Turns: 1532, Time: 00:03:32

Health: -1/24      AC:  2    Str:  4    XL:     4   Next: 17%
Magic:  5/12       EV: 12    Int: 25    God:
Gold:   92         SH:  0    Dex: 13    Spells: 9/12 levels left

rFire   . . .        a - +0 falchion
rCold   . . .        (no shield)
rNeg    . . .        g - +0 robe
rPois   +            (no helmet)
rElec   .            (no cloak)
rCorr   .            (no gloves)
SInv    .            (no boots)
Will    .....        (no amulet)
Stlth   ++           j - ring of poison resistance
HPRegen 0.24/turn    (no ring)
MPRegen 0.13/turn

%: no passive effects
@: no status effects
A: no striking features
a: no special abilities


You were on level 2 of the Dungeon.
You visited 1 branch of the dungeon, and saw 2 of its levels.

You collected 92 gold pieces.

Inventory:

Hand Weapons
 a - a +0 falchion (weapon)
Armour
 g - a +0 robe (worn)
Jewellery
 j - a ring of poison resistance (left hand)
Scrolls
 c - a scroll of teleportation {unknown}
 d - a scroll of blinking {unknown}
 k - 2 scrolls of enchant armour {unknown}
 l - a scroll of poison {unknown}
 p - a scroll of noise {unknown}
Potions
 b - a potion of magic
 e - 4 potions of curing {unknown}
 f - a potion of berserk rage {unknown}
 h - 4 potions of brilliance {unknown}
 i - a potion of lignification {unknown}
 m - 2 potions of attraction {unknown}
 n - 2 potions of might {unknown}
 o - a potion of haste {unknown}


   Skills:
 - Level 2.4 Dodging
 - Level 2.4 Stealth
 - Level 4.7 Spellcasting
 - Level 5.4 Conjurations
 + Level 0.1 Hexes


You had 9 spell levels left.
You knew the following spells:

 Your Spells              Type           Power      Damage    Failure   Level
a - Magic Dart            Conj           100%       1d8       1%          1
b - Searing Ray           Conj           66%        2d6       1%          2

Your spell library contained the following spells:

 Spells                   Type           Power      Damage    Failure   Level
 Dazzling Flash           Conj/Hex       40%        N/A       8%          3
 Scorch                   Fire           10%        2d5       13%         2
 Fulminant Prism          Conj/Hex       10%        3d8       26%         4
 Flame Wave               Conj/Fire      19%        2d7       28%         4
 Iskenderun's Mystic Bla  Conj/Tloc      19%        2d6       28%         4
 Summon Cactus Giant      Summ           2%         N/A       100%        6


Dungeon Overview and Level Annotations

Branches:
Dungeon (2/15) Zot: 10458

Altars:
Qazlal

Shops:
D:1 =

Annotations:
D:2 Crazy Yiuf


Message History

You slash the fungus!
The fungus is lightly damaged.
Found three hammers and a runed hammer.
Found a runed translucent door.
Found two hammers.
You see here a +0 hammer.
You open the door.
Casting: Magic Dart (safe; 1% risk of failure)
Confirm with . or Enter, or press ? or * to list all spells.
Aiming: Searing Ray (safe; 1% risk of failure)
Press: ? - help, Shift-Dir - straight line, f - Crazy Yiuf
Aim: Crazy Yiuf, wielding a +3 quarterstaff of chaos and wearing a +0 cloak (asleep, 100% to hit)
The searing ray hits Crazy Yiuf.
Crazy Yiuf is lightly wounded.
Crazy Yiuf shouts! (Press . to maintain the ray.)
You now have 10/12 mp.
The searing ray hits Crazy Yiuf.
Crazy Yiuf is moderately wounded.
You now have 9/12 mp.
The searing ray hits Crazy Yiuf.
Crazy Yiuf is severely wounded.
Crazy Yiuf says, "Scoff!"
You now have 8/12 mp.
The searing ray misses Crazy Yiuf.
You finish channelling your searing ray.
Crazy Yiuf closely misses you.
You now have 7/12 mp.
Casting: Searing Ray (safe; 1% risk of failure)
Confirm with . or Enter, or press ? or * to list all spells.
Aiming: Searing Ray (safe; 1% risk of failure)
Press: ? - help, Shift-Dir - straight line, f/p - Crazy Yiuf
Aim: Crazy Yiuf, wielding a +3 quarterstaff of chaos and wearing a +0 cloak (severely wounded, 83% to hit)
The searing ray hits Crazy Yiuf but does no damage.
Crazy Yiuf is severely wounded. (Press . to maintain the ray.) Crazy Yiuf hits you with a +3 quarterstaff of chaos!
Ouch! That really hurt!
* * * LOW HITPOINT WARNING * * *
Crazy Yiuf burns you!
You die...

#####..(.#######
...#..#### )#...##
[#.### ##.# ...#
###♣♣♣♣♣ ####
##....♣.♣♣♣ ### #
##...♣..♣..♣#).)#
##.....P♣♣♣♣@g...#
##......♣♣ ♣♣#)))#
#..####♣♣ ###
####.## .....###
.......##########
................#
.._..########...#
.....# #...#


You could see Crazy Yiuf.

Vanquished Creatures
  Jessica (D:2)
  Robin (D:2)
  A worm (D:2)
  A dart slug (D:2)
  3 ball pythons
  3 bats (D:1)
  2 endoplasms
  A giant cockroach (D:2)
  12 goblins
  3 jackals (D:2)
  5 kobolds
  2 frilled lizards (D:1)
  A rat (D:1)
36 creatures vanquished.

Notes
Turn   | Place    | Note
-------+----------+-------------------------------------------
     0 | D:1      | Psyclone the Deep Elf Conjurer began the quest for the Orb.
     0 | D:1      | Reached XP level 1. HP: 10/10 MP: 6/6
   273 | D:1      | Found Cetaas's Jewellery Emporium.
   292 | D:1      | Reached XP level 2. HP: 15/15 MP: 3/8
   712 | D:2      | Noticed Jessica
   716 | D:2      | Killed Jessica
   717 | D:2      | Reached skill level 5 in Conjurations
   717 | D:2      | Reached XP level 3. HP: 19/19 MP: 4/10
   781 | D:2      | Learned a level 2 spell: Searing Ray
   810 | D:2      | Noticed Robin
   831 | D:2      | Killed Robin
   924 | D:2      | Reached XP level 4. HP: 24/24 MP: 4/12
  1135 | D:2      | Found a stormy altar of Qazlal.
  1523 | D:2      | Found a runed translucent door.
  1524 | D:2      | Noticed Crazy Yiuf
  1532 | D:2      | Slain by Crazy Yiuf

Illustrated notes

Levels and vault maps discovered:
D:1:      onia_arrival_mini_spirals, layout_loops_ring, serial_shops, shop
D:2:      layout_rooms, basic_altar, reono_crystal_passage, minmay_tetromino_l2,
          uniq_robin, uniq_jessica, uniq_crazy_yiuf_cottage

Skill      XL: |  1  2 |
---------------+-------+-----
Spellcasting   | 4 |  4.7
Conjurations   | 5 |  5.4
Dodging        | |  2.4
Stealth        | |  2.4
Hexes          | |  0.1

Action                     |  1- 3 |  4- 6 || total
---------------------------+-------+-------++-------
  Melee: Falchion          |    20 |    14 ||    34
         Punch             |     1 |       ||     1
   Cast: Magic Dart        |    28 |     3 ||    31
         Searing Ray       |     3 |     3 ||     6
 Armour: Robe              |     4 |       ||     4
  Dodge: Dodged            |    20 |     7 ||    27
